Map: Abyssal Reef LE

Players

Railgan - Winner!

  • Race: Zerg Zerg
  • League: Master
  • Spawn Location: 11:00

LeFaucheur

  • Race: Zerg Zerg
  • League: Grandmaster
  • Spawn Location: 5:00

VOD

Have the link to the VOD?

Description

Time

  • Played on: March 1, 2017, 3:07 p.m.
  • Length: 12:06
Show
View Real Time Build Order
Export as new Build Order

Railgan Zerg - Winner!

Build Orders: Pool First 

Get SALT Encoding   

  12  0:01  Drone  
  13  0:12  Overlord  
  13  0:17  Drone  
  14  0:31  Drone x2  
  14  0:34  Drone  
  17  0:46  Spawning Pool  
  16  0:51  Drone  
  16  0:56  Drone  
  18  1:12  Hatchery  
  18  1:17  Drone  
  18  1:18  Extractor  
  18  1:21  Drone  
  18  1:33  Queen  
  18  1:37  Spine Crawler  
  18  1:39  Zergling x2  
  20  1:42  Drone  
  21  1:52  Spine Crawler  
  21  1:54  Zergling x2  
  21  2:02  Overlord  
  21  2:12  Zergling x2  
  21  2:20  Queen  
  24  2:25  Drone  
  25  2:33  Drone  
  26  2:42  Roach Warren  
  26  2:43  Extractor, Drone  
  25  2:45  Drone x2  
  27  2:54  Overlord  
  27  3:03  Metabolic Boost  
  27  3:05  Overlord  
  26  3:21  Hatchery  
  26  3:25  Roach x3  
  31  3:29  Roach  
  35  3:34  Roach  
  35  3:44  Roach  
  37  3:55  Overlord x2  
  37  4:13  Zergling x6  
  40  4:24  Ravager  
  40  4:26  Ravager x2  
  40  4:28  Zergling x6  
  46  4:33  Zergling x4  
  48  4:49  Ravager  
  48  4:52  Zergling x4  
  50  4:54  Drone  
  49  5:02  Drone  
  49  5:03  Drone x2  
  49  5:06  Drone  
  51  5:14  Drone  
  51  5:16  Drone  
  51  5:18  Lair  
  52  5:28  Ravager  
  53  5:29  Drone x4  
  53  5:30  Overlord  
  44  5:51  Drone x5  
  44  5:56  Overlord  
  40  5:57  Drone  
  40  6:01  Evolution Chamber  
  40  6:09  Evolution Chamber  
  40  6:11  Roach x3  
  45  6:12  Evolution Chamber, Drone x2  
  45  6:18  Glial Reconstitution  
  46  6:20  Roach  
  38  6:38  Drone x2  
  38  6:39  Drone  
  41  6:44  Drone  
  42  6:49  Drone  
  42  6:50  Drone  
  42  6:53  Drone  
  45  6:56  Drone  
  45  6:58  Drone  
  47  7:08  Queen  
  47  7:10  Queen  
  51  7:16  Extractor  
  51  7:18  Zerg Missile Weapons Level 1  
  51  7:19  Overseer  
  51  7:21  Overlord  
  50  7:39  Hatchery  
  50  7:43  Drone x2  
  50  7:44  Drone  
  52  7:50  Drone x2  
  54  7:55  Roach x5  
  63  8:08  Roach x2  
  67  8:17  Roach  
  67  8:18  Roach x4  
  77  8:20  Ravager  
  77  8:26  Extractor  
  77  8:27  Overlord  
  77  8:29  Roach x2  
  77  8:30  Roach  
  77  8:33  Overlord  
  83  8:48  Roach x2  
  79  9:00  Roach x3  
  79  9:01  Roach x3  
  82  9:04  Roach  
  82  9:05  Roach x2  
  82  9:15  Roach  
  82  9:16  Roach  
  82  9:17  Roach  
  82  9:18  Roach  
  82  9:19  Roach  
  88  9:27  Drone x2  
  90  9:36  Ravager  
  90  9:37  Ravager x2  
  90  9:38  Drone x6  
  94  9:44  Spine Crawler  
  94  9:45  Ravager  
  99  9:48  Drone  
  99  9:49  Drone x4  
  104  9:53  Overlord  
  104  10:01  Roach  
  104  10:02  Overlord  
  106  10:07  Overlord  
  106  10:12  Overlord  
  106  10:14  Overlord  
  106  10:16  Overlord, Queen  
  106  10:19  Unknown  
  106  10:20  Spine Crawler  
  107  10:22  Roach x2  
  111  10:29  Roach x3  
  117  10:37  Roach  
  117  10:38  Roach x3  
  117  10:42  Roach x2  
  129  10:46  Roach x2  
  133  10:50  Roach x2  
  133  10:53  Unknown  
  133  10:55  Overlord  
  137  10:57  Roach x2  
  137  10:59  Overlord  
  141  11:04  Roach  
  141  11:05  Roach  
  143  11:13  Roach x2  
  143  11:15  Drone x3  
  143  11:17  Ravager x3  
  152  11:18  Ravager  
  152  11:19  Drone x2  
  152  11:20  Overseer  
  152  11:22  Extractor  
  152  11:23  Ravager  
  152  11:24  Ravager  
  155  11:30  Roach  
  155  11:31  Roach x4  
  156  11:38  Roach x3  
  150  11:42  Roach  
  150  11:44  Roach  
Show
View Real Time Build Order
Export as new Build Order

LeFaucheur Zerg 

Build Orders: Pool First 

Get SALT Encoding   

  12  0:17  Spawning Pool  
  11  0:23  Drone  
  11  0:27  Drone  
  13  0:32  Drone  
  14  0:42  Overlord  
  14  1:04  Zergling x4  
  14  1:06  Zergling x2  
  17  1:17  Hatchery  
  16  1:21  Zergling x2  
  17  1:28  Zergling x2  
  18  1:38  Zergling x2  
  19  1:41  Queen  
  21  1:50  Zergling x2  
  22  2:00  Overlord  
  21  2:18  Queen  
  21  2:21  Drone x2  
  25  2:26  Spine Crawler  
  23  2:34  Drone  
  23  2:35  Drone  
  24  2:44  Queen  
  24  2:48  Drone  
  24  2:51  Extractor  
  26  2:52  Drone  
  26  2:58  Drone  
  28  3:07  Drone x3  
  31  3:13  Overlord  
  31  3:19  Drone x2  
  33  3:34  Roach Warren, Overlord  
  33  3:38  Drone  
  33  3:39  Drone x3  
  37  3:43  Extractor  
  36  4:03  Spine Crawler  
  36  4:04  Spine Crawler  
  36  4:07  Spine Crawler, Zergling x8  
  37  4:15  Metabolic Boost  
  36  4:25  Spine Crawler  
  36  4:29  Zergling x8  
  39  4:39  Overlord x2  
  39  4:45  Zergling x4  
  40  4:59  Zergling x6  
  42  5:00  Zergling x2  
  39  5:11  Roach Warren  
  33  5:17  Zergling x6  
  33  5:18  Zergling x2  
  37  5:30  Zergling x8  
  41  5:37  Zergling x4  
  38  5:54  Drone x6  
  43  6:05  Drone x4  
  47  6:17  Drone x4  
  51  6:30  Overlord  
  51  6:31  Overlord  
  48  6:35  Extractor  
  44  6:46  Drone x3  
  47  6:48  Lair  
  47  6:50  Roach x2  
  47  6:51  Roach x2  
  55  6:59  Roach x3  
  61  7:13  Drone  
  62  7:23  Hatchery  
  62  7:24  Roach x4  
  62  7:28  Overlord  
  69  7:31  Unknown  
  68  7:39  Roach x4  
  75  7:58  Ravager x5  
  78  7:59  Ravager  
  78  8:00  Zergling x6  
  83  8:06  Overlord  
  83  8:11  Overlord x2  
  83  8:12  Overlord  
  83  8:19  Evolution Chamber  
  82  8:21  Zergling x2  
  82  8:26  Zergling x14  
  90  8:29  Ravager  
  90  8:30  Ravager x3  
  94  8:35  Zergling x4  
  94  8:36  Zergling x2  
  71  8:56  Zergling x4  
  71  8:57  Zergling x16  
  71  8:58  Zergling x2  
  72  9:08  Zerg Missile Weapons Level 1  
  67  9:16  Drone x2  
  67  9:17  Drone x6  
  67  9:27  Drone x4  
  67  9:28  Drone  
  68  9:32  Overseer  
  68  9:41  Roach x4  
  68  9:44  Glial Reconstitution  
  76  9:55  Roach x4  
  84  10:07  Roach  
  84  10:08  Roach x5  
  95  10:15  Roach x3  
  95  10:16  Roach  
  103  10:26  Extractor, Drone x2  
  103  10:27  Drone x2  
  106  10:30  Extractor x2, Drone x3  
  106  10:31  Drone x3  
  107  10:35  Roach  
  107  10:44  Roach x3  
  114  10:50  Ravager  
  114  10:51  Overlord x2  
  114  10:52  Spire  
  113  11:00  Ravager, Overlord x2  
  113  11:01  Overlord  
  114  11:08  Roach  
  111  11:13  Roach x3  
  111  11:14  Roach x2  
  109  11:36  Roach x8  
  109  11:37  Roach  
Tags
 
Add a new tag
Caveats
  • Supply blocks, unpowered buildings, or Contaminate may cause inaccurate times.
  • Supply counts are checked every 10 seconds.